Map: Efflorescence LE

Players

OpuS

  • Race: Protoss Protoss
  • League: Platinum
  • Spawn Location: 12:00

Sketchaphone

  • Race: Zerg Zerg
  • League: Platinum
  • Spawn Location: 3:00

Diamanco - Winner!

  • Race: Zerg Zerg
  • League: Diamond
  • Spawn Location: 6:00

ykrum - Winner!

  • Race: Terran Terran
  • League: Diamond
  • Spawn Location: 9:00

VOD

Have the link to the VOD?

Description

Time

  • Played on: Feb. 19, 2019, 8:27 p.m.
  • Length: 9:45
Show
View Real Time Build Order
Export as new Build Order

OpuS Protoss 

Build Orders:  

Get SALT Encoding   

  12  0:01  Probe  
  13  0:13  Probe  
  14  0:20  Pylon  
  14  0:25  Probe  
  15  0:36  Probe  
  15  0:42  Gateway  
  16  0:44  Probe  
  16  0:49  Assimilator  
  17  0:53  Probe  
  18  1:06  Forge  
  18  1:08  Probe  
  19  1:16  Probe  
  19  1:17  Pylon  
  19  1:24  Probe  
  21  1:35  Cybernetics Core  
  21  1:39  Zealot  
  23  1:42  Probe  
  24  1:49  Pylon  
  24  2:01  Probe  
  24  2:07  Assimilator  
  25  2:11  Warp Gate  
  25  2:13  Probe  
  25  2:17  Twilight Council  
  25  2:25  Zealot  
  25  2:26  Probe  
  28  2:36  Gateway  
  28  2:44  Gateway  
  28  2:49  Charge  
  28  2:53  Gateway  
  28  2:57  Stalker  
  28  3:11  Probe  
  31  3:20  Protoss Ground Weapons Level 1  
  30  3:54  Nexus  
  30  4:03  Pylon  
  30  4:07  Zealot  
  30  4:08  Zealot  
  30  4:09  Zealot  
  36  4:17  Zealot  
  38  4:26  Pylon  
  38  4:38  Stalker x2  
  42  4:45  Stalker  
  42  4:54  Stalker  
  44  5:05  Probe  
  45  5:08  Probe  
  46  5:17  Templar Archives  
  46  5:20  Protoss Ground Weapons Level 2  
  46  5:21  Probe  
  46  5:22  Probe  
  48  5:36  Probe x2  
  50  5:42  Stalker  
  50  5:43  Stalker  
  50  5:49  Probe x2  
  54  6:05  Probe x2  
  56  6:18  Probe  
  56  6:19  Stalker x2, Probe  
  56  6:20  Robotics Facility  
  56  6:22  Stalker  
  64  6:30  Psionic Storm  
  64  6:32  Probe  
  65  6:45  Stalker  
  42  7:02  Zealot x3  
  42  7:15  Probe  
  23  7:49  Zealot x2  
  25  7:57  Probe  
  25  7:58  Probe  
  25  8:16  Probe x2  
  18  8:28  Probe x2  
Show
View Real Time Build Order
Export as new Build Order

Sketchaphone Zerg 

Build Orders: Pool First 

Get SALT Encoding   

  12  0:01  Drone  
  13  0:14  Overlord  
  13  0:18  Drone  
  14  0:25  Drone, Extractor  
  15  0:32  Drone  
  16  0:38  Overlord  
  16  0:46  Drone  
  17  1:04  Spawning Pool  
  16  1:23  Hatchery  
  15  1:39  Drone  
  16  1:40  Overlord  
  16  1:41  Drone  
  16  1:44  Extractor  
  16  1:56  Drone  
  17  2:07  Drone  
  18  2:10  Queen  
  20  2:34  Drone  
  20  2:35  Drone x2  
  23  2:38  Hatchery  
  21  3:00  Drone  
  22  3:14  Drone x5  
  27  3:28  Queen, Drone  
  27  3:30  Metabolic Boost  
  27  3:31  Extractor  
  30  3:37  Zergling x8  
  30  3:40  Overlord  
  34  3:46  Overlord  
  34  3:49  Drone  
  35  4:05  Overlord  
  35  4:09  Pneumatized Carapace  
  35  4:13  Roach Warren  
  35  4:16  Drone x3  
  37  4:23  Lair  
  36  4:44  Evolution Chamber  
  35  4:47  Drone x4  
  35  4:50  Queen, Evolution Chamber  
  40  5:06  Spine Crawler  
  39  5:08  Roach x6  
  51  5:18  Spine Crawler  
  51  5:20  Zergling x4  
  52  5:30  Queen  
  54  5:40  Drone x2  
  54  5:41  Drone x3  
  59  5:51  Overlord  
  59  5:53  Overlord  
  59  5:57  Extractor  
  59  6:03  Zergling x2  
  59  6:04  Zergling x6  
  62  6:20  Roach x3  
  68  6:27  Drone x2  
  68  6:29  Extractor  
  68  6:32  Drone x2  
  71  6:33  Drone  
  71  6:34  Nydus Network, Drone x3  
  74  6:40  Drone x2  
  76  6:51  Roach, Spore Crawler  
  76  6:52  Roach  
  79  6:56  Glial Reconstitution  
  76  7:04  Extractor  
  76  7:06  Roach  
  76  7:07  Roach  
  63  7:17  Roach  
  65  7:27  Roach  
  65  7:28  Drone  
  68  7:31  Drone x4  
  72  7:49  Roach x5  
  82  7:54  Overlord  
  82  7:55  Overlord  
  82  8:04  Roach  
  82  8:12  Roach x2  
  72  8:16  Roach x2  
  72  8:18  Roach  
  65  8:30  Roach x2  
  57  8:38  Roach  
  46  8:44  Roach  
  46  8:48  Spine Crawler, Roach  
  47  8:50  Spine Crawler  
  44  8:59  Roach x2  
  44  9:00  Queen  
  42  9:11  Zergling x6  
  37  9:25  Roach x2  
  37  9:26  Roach  
Show
View Real Time Build Order
Export as new Build Order

Diamanco Zerg - Winner!

Build Orders: Hatch First 

Get SALT Encoding   

  12  0:01  Drone  
  13  0:14  Overlord  
  13  0:22  Drone  
  14  0:33  Drone x2  
  16  0:52  Hatchery  
  16  0:55  Drone  
  16  0:59  Extractor  
  16  1:00  Drone  
  16  1:15  Spawning Pool  
  16  1:18  Drone  
  16  1:26  Drone x2  
  18  1:38  Drone  
  19  1:47  Overlord  
  19  2:06  Queen x2  
  23  2:08  Metabolic Boost  
  23  2:16  Zergling x2  
  23  2:17  Zergling x2  
  23  2:20  Drone x2  
  28  2:22  Drone  
  28  2:29  Drone x2  
  30  2:40  Drone x2  
  32  2:51  Drone  
  32  2:52  Baneling Nest  
  32  3:00  Overlord  
  32  3:11  Drone  
  32  3:12  Drone x3  
  36  3:23  Drone x5  
  41  3:30  Hatchery  
  41  3:33  Zergling x6  
  43  3:37  Overlord  
  43  3:44  Drone  
  44  3:55  Roach Warren  
  43  3:58  Overlord  
  43  4:00  Overlord  
  43  4:02  Lair  
  43  4:05  Extractor  
  43  4:07  Extractor  
  41  4:16  Drone x2  
  41  4:17  Drone x5  
  47  4:33  Zergling x6  
  47  4:34  Zergling x2  
  47  4:37  Zergling x4  
  52  4:42  Zergling x2  
  52  4:43  Zergling x2  
  54  4:52  Baneling x4  
  54  4:54  Queen  
  54  4:56  Roach x5  
  54  4:59  Overlord  
  66  5:06  Baneling x2  
  66  5:07  Overlord  
  66  5:10  Roach  
  66  5:14  Drone x4  
  70  5:18  Extractor  
  70  5:21  Roach x2  
  75  5:24  Baneling  
  75  5:29  Overlord  
  75  5:34  Zergling x2  
  75  5:35  Zergling x10  
  81  5:37  Overlord  
  81  5:38  Overlord x3  
  81  5:42  Glial Reconstitution  
  81  5:48  Roach  
  83  5:59  Drone x4, Extractor  
  85  6:07  Overlord  
  85  6:14  Evolution Chamber, Drone x3  
  85  6:16  Evolution Chamber  
  88  6:18  Ravager x2  
  88  6:20  Drone x3  
  88  6:21  Drone x2  
  88  6:24  Overlord  
  93  6:26  Baneling  
  93  6:27  Baneling x4  
  93  6:35  Drone x3  
  93  6:36  Drone x4  
  100  6:40  Extractor  
  100  6:44  Roach x3  
  100  6:45  Roach  
  107  6:48  Overlord  
  107  6:56  Baneling x4  
  107  6:57  Baneling x2  
  107  6:58  Drone x4  
  107  7:02  Roach x2  
  98  7:09  Drone x5  
  98  7:14  Roach  
  100  7:21  Roach x5  
  100  7:22  Roach  
  110  7:27  Ravager  
  111  7:32  Zergling x2  
  111  7:33  Zergling x8  
  116  7:38  Zerg Missile Weapons Level 1  
  116  7:40  Ravager  
  117  7:45  Ravager  
  117  7:46  Zergling x8  
  117  7:50  Queen  
  124  7:55  Roach x2  
  128  8:00  Roach  
  128  8:01  Overlord x3  
  128  8:02  Overlord  
  129  8:15  Zergling x6  
  119  8:21  Roach x4  
  114  8:35  Roach  
  114  8:36  Roach x8  
  121  8:51  Hatchery, Extractor  
  121  8:55  Roach x6, Extractor  
  121  9:06  Hydralisk Den, Zergling x8  
  120  9:10  Roach  
  120  9:14  Ravager x2  
  120  9:16  Roach x4  
  120  9:17  Roach  
  129  9:33  Ravager  
Show
View Real Time Build Order
Export as new Build Order

ykrum Terran - Winner!

Build Orders: Gas First Reaper Expand 

Get SALT Encoding   

  12  0:00  SCV  
  13  0:13  SCV  
  14  0:19  Supply Depot  
  14  0:25  SCV  
  15  0:31  Refinery  
  15  0:41  SCV  
  16  0:47  Barracks  
  16  0:53  SCV  
  17  1:09  SCV  
  18  1:21  SCV  
  19  1:35  Orbital Command  
  19  1:36  Reaper  
  20  1:54  Command Center  
  20  2:02  SCV  
  21  2:08  Factory  
  21  2:17  Barracks Reactor  
  21  2:21  SCV  
  21  2:22  Supply Depot  
  22  2:28  Refinery  
  22  2:33  SCV  
  23  3:06  SCV  
  23  3:07  Starport  
  23  3:09  Hellion x2, Barracks Tech Lab  
  23  3:10  SCV  
  29  3:29  Orbital Command  
  29  3:30  Barracks  
  29  3:31  Hellion x2  
  33  3:38  SCV  
  34  4:05  SCV x2  
  34  4:07  Marine x2, Siege Tank  
  34  4:09  Medivac  
  42  4:17  SCV  
  42  4:18  Barracks, Barracks Tech Lab, Supply Depot  
  43  4:25  SCV  
  43  4:26  Marine x2  
  43  4:27  Bunker  
  46  4:39  SCV  
  46  4:42  SCV  
  46  4:45  Stimpack, Marine x2  
  48  4:46  Marauder  
  48  4:51  SCV  
  53  4:53  Supply Depot  
  53  4:57  SCV  
  54  5:03  SCV  
  53  5:09  Barracks Reactor, SCV  
  53  5:11  Supply Depot  
  54  5:14  Starport Reactor  
  54  5:15  Widow Mine  
  54  5:17  Barracks, Refinery  
  54  5:21  SCV x2  
  57  5:27  Refinery  
  58  5:31  Marauder  
  58  5:33  SCV  
  58  5:34  Combat Shield, SCV  
  62  5:44  Widow Mine x2  
  62  5:45  SCV  
  62  5:46  SCV  
  68  5:52  Medivac  
  68  5:56  Supply Depot  
  70  5:58  Supply Depot  
  70  6:17  Marine x2, SCV x2  
  74  6:20  Marine x2  
  74  6:21  Bunker, Widow Mine x2  
  81  6:26  Supply Depot  
  81  6:27  Supply Depot  
  81  6:29  SCV x2  
  81  6:31  Engineering Bay  
  81  6:32  Engineering Bay  
  83  6:34  Barracks Reactor  
  82  6:41  SCV x2  
  84  6:53  SCV x2  
  86  7:01  Marine x2  
  87  7:06  SCV x2  
  85  7:16  Marine x2  
  85  7:18  SCV x2  
  85  7:22  Medivac x2  
  87  7:24  Marauder x2, Marine x2  
  87  7:25  Widow Mine x2  
  87  7:29  Command Center  
  99  7:30  SCV  
  99  7:31  SCV  
  99  7:33  Marine  
  99  7:36  Marine  
  103  7:37  Terran Infantry Weapons Level 1, Terran Infantry Armor Level 1, Supply Depot  
  103  7:38  Supply Depot  
  103  7:43  SCV  
  104  7:46  Marauder x2  
  104  7:47  SCV  
  104  7:48  Marine x2  
  109  8:14  Marine x4  
  109  8:15  Marauder, Marine  
  115  8:21  SCV  
  115  8:27  Supply Depot  
  115  8:30  Armory  
  115  8:31  Marine  
  115  8:32  Marine x3  
  115  8:33  Marauder  
  121  8:36  Marine  
  122  8:46  SCV  
  123  8:49  Marine x2, SCV  
  123  8:50  Marine x2  
  123  8:54  Marauder x2  
  132  8:57  Medivac x2  
  132  8:58  SCV  
  132  9:02  SCV  
  138  9:03  Supply Depot x2  
  138  9:05  Supply Depot  
  138  9:07  Marine x2  
  138  9:09  Marine x2  
  142  9:10  SCV  
  142  9:14  SCV  
  142  9:16  Marauder  
  142  9:26  Marine x3  
  142  9:31  SCV  
Tags
 
Add a new tag
Caveats
  • Supply blocks, unpowered buildings, or Contaminate may cause inaccurate times.
  • Supply counts are checked every 10 seconds.